 Dungeon Crawl Stone Soup version 0.27-a0-1191-g601b473118 (webtiles) character file.

Game seed: 6032796860951287768

31 bande the Shield-Bearer (level 3, -1/23 HPs)
             Began as a Gargoyle Fighter on May 24, 2021.
             Killed by nerve-wracking pain
             ... invoked by Jessica
              (4 damage)
             ... on level 2 of the Dungeon.
             The game lasted 00:02:25 (1159 turns).

bande the Shield-Bearer (Gargoyle Fighter)          Turns: 1159, Time: 00:02:26

Health: -1/23      AC:  0    Str: 18 (19) XL:     3   Next: 22%
Magic:  3/3        EV: 13    Int:  5 (8)  God:
Gold:   80         SH:  0    Dex:  7 (10) Spells: 2/2 levels left

rFire    . . .     SeeInvis .   (weapon currently unavailable)
rCold    . . .     Faith    .   (shield currently unavailable)
rNeg     + . .     Spirit   .   (armour currently unavailable)
rPois    ∞         Reflect  .   (helmet currently unavailable)
rElec    .         Harm     .   (cloak currently unavailable)
rCorr    .         Rampage  .   (gloves currently unavailable)
Will     .....                  (boots currently unavailable)
Stlth    +.........             (no amulet)
HPRegen  0.07/turn              (ring currently unavailable)
MPRegen  0.08/turn              (ring currently unavailable)

@: mighty, pig-form, slowed
A: fast, no casting, sickness immunity, AC +3, small, negative energy resistance
1, (electricity resistance), torment resistance 1, petrification resistance
a: no special abilities


You were on level 2 of the Dungeon.
You were a filthy swine.
You visited 1 branch of the dungeon, and saw 2 of its levels.

You collected 80 gold pieces.

Inventory:

Hand Weapons
 a - a +0 war axe (melded)
Armour
 b - a +0 scale mail (melded)
 c - a +0 kite shield (melded)
Scrolls
 f - a scroll of silence {unknown}
 g - a scroll of fog {unknown}


   Skills:
 + Level 3.5 Fighting
 + Level 2.3 Axes
 + Level 3.5 Armour
 + Level 0.2 Dodging
 + Level 3.7 Shields


You had 2 spell levels left.
You didn't know any spells.
Your spell library contained the following spells:

 Spells                   Type           Power      Damage    Failure   Level
 Animate Skeleton         Necr           0%         N/A       47%         1
 Pain                     Necr           0%         1d4       47%         1
 Confusing Touch          Hex            0%         N/A       85%         3
 Gell's Gravitas          Tloc           0%         N/A       85%         3
 Vampiric Draining        Necr           0%         2d6       85%         3
 Animate Dead             Necr           0%         N/A       99%         4
 Petrify                  Tmut/Erth      0%         N/A       99%         4
 Agony                    Necr           0%         N/A       100%        5
 Metabolic Englaciation   Hex/Ice        0%         N/A       100%        5
 Yara's Violent Unravell  Hex/Tmut       0%         3d3       100%        5


Dungeon Overview and Level Annotations

Branches:
Dungeon (2/15)

Altars:

Annotations:
D:2 Jessica


Innate Abilities, Weirdness & Mutations

You are a filthy swine.
You move quickly.
Your equipment is almost entirely melded.
You are incapable of wielding weapons or throwing items.
You cannot cast spells.
You are immune to sickness and miasma.
((Your stone body is resilient. (AC +3)))
You are immune to poison.
You resist negative energy. (rN+)
((You are resistant to electric shocks. (rElec)))
You are resistant to unholy torment.
You are immune to petrification.


Message History

You barely miss something.
Your scale mail prevents you from hitting the kobold.
Jessica appears from thin air!
Reactivating autopickup.
You block the kobold's attack.
Jessica looks very angry.
Jessica zaps a wand.
You resist with significant effort. The kobold hits you but does no damage.
You block Jessica's attack.
It was a potion of degeneration.
There was something very wrong with that liquid.
You feel weakened.
You feel dopey.
You feel clumsy. Jessica barely misses you.
The kobold hits you but does no damage.
Jessica gestures wildly while chanting.
Jessica blinks!
You feel very mighty all of a sudden. You block the kobold's attack.
Jessica gestures at you while chanting. Pain shoots through your body!
Jessica mumbles something strange.
Jessica zaps a wand.
You turn into a filthy swine.
Your +0 war axe melds into your body.
Your +0 kite shield melds into your body.
Your +0 scale mail melds into your body.
You barely miss the kobold. The kobold hits you with a +0 whip.
* * * LOW HITPOINT WARNING * * *
You closely miss the kobold.
Jessica mumbles some strange words.
Jessica blinks!
You closely miss the kobold. Jessica says, "Why did you come here?"
The kobold closely misses you.
Jessica zaps a wand.
You closely miss the kobold. Jessica gestures at you while chanting.
You feel yourself slow down. The kobold closely misses you.
You hit the kobold.
You kill the kobold!
Jessica shouts, "You are a ghastly nuisance!"
Jessica gestures at you while chanting. Pain shoots through your body!
You die...

.. . ..# #.#. .. ##..... ..
#...#. ## #.#.####.#..
#.....##.##
#.........)###......#..#
#..###..†...........#.#
#....#...)...........[#
#........h##..........##
#.......###...........#
#.#.....###...........#
.......†..........<.....#
#....@.......#.......#..##
....................†....##
..#.......................[
#......................#<.#
..#...(................##..


You could see Jessica (fast).

Vanquished Creatures
  A dart slug (D:2)
  3 bats
  3 endoplasms
  A giant cockroach (D:1)
  2 goblins
  2 hobgoblins (D:1)
  3 jackals (D:1)
  2 quokkas
  A ball python (D:1)
  2 frilled lizards
  4 kobolds
  3 rats (D:1)
27 creatures vanquished.

Notes
Turn   | Place    | Note
-------+----------+-------------------------------------------
     0 | D:1      | bande the Gargoyle Fighter began the quest for the Orb.
     0 | D:1      | Reached XP level 1. HP: 14/14 MP: 1/1
   279 | D:1      | Reached XP level 2. HP: 12/19 MP: 2/2
   735 | D:1      | Found a faded altar of an unknown god.
  1022 | D:2      | Reached XP level 3. HP: 23/23 MP: 3/3
  1119 | D:2      | Noticed Jessica
  1159 | D:2      | Killed from afar by Jessica

Illustrated notes

Levels and vault maps discovered:
D:1:      eino_arrival_water_star, layout_basic, basic_ecumenical_altar
D:2:      layout_rooms, hangedman_decor_riveting, minmay_cupped, uniq_robin,
          uniq_jessica

Skill      XL: |  1 |
---------------+----+-----
Axes           | 2 |  2.3
Fighting       | |  3.5
Armour         | |  3.5
Dodging        | |  0.2
Shields        | |  3.7

Action                   || total
-------------------------++-------
Melee: War axe           ||    71
       Unarmed           ||    23
  Use: Potion            ||     2
Armor: Scale mail        ||    47
       Skin              ||    13
Dodge: Dodged            ||    40
Block: Kite shield       ||    43

Table legend: (Time is in decaauts)
 A = Elapsed time spent in this place.
 B = Non-inter-level travel time spent in this place.
 C = Inter-level travel time spent in this place.
 D = Time resting spent in this place.
 E = Time spent auto-exploring this place.
 F = Levels seen in this place.
 G = Mean time per level.
                   A        B        C        D        E       F      G
               +--------+--------+--------+--------+--------+-----+--------+
         Total |   1205 |   1178 |     27 |    247 |    655 |   2 |  602.5 |
       Dungeon |   1205 |   1178 |     27 |    247 |    655 |   2 |  602.5 |
               +--------+--------+--------+--------+--------+-----+--------+

Top non-repeatable levels by time:
     D:1: 1056 daAuts
     D:2: 148 daAuts
